 Dungeon Crawl Stone Soup version 0.18-a0-1120-g03bd624 (webtiles) character file.

1132 Chiseanne the Skirmisher (level 8, -4/70 HPs)
             Began as a Centaur Air Elementalist on Jan 17, 2016.
             Was an Initiate of Gozag.
             Slain by a wyvern skeleton (13 damage)
             ... on level 6 of the Dungeon.
             The game lasted 00:14:22 (7686 turns).

Chiseanne the Skirmisher (Centaur Air Elementalist) Turns: 7686, Time: 00:14:22

Health: -4/70      AC: 11    Str: 11    XL:     8   Next: 13%
Magic:  7/13       EV:  9    Int: 16    God:    Gozag
Gold:   225        SH:  0    Dex: 10    Spells: 3 memorised, 8 levels left

rFire  . . .     SeeInvis .     a - +3 short sword (protect)
rCold  . . .     Gourm    .     f - +0 robe
rNeg   + . .     Faith    .     (no shield)
rPois  .         Spirit   .     j - +1 hat
rElec  .         Dismiss  .     y - +0 cloak
rCorr  .         Reflect  .     (no gloves)
SustAt .         Harm     .     (no barding)
MR     .....                    (no amulet)
Stlth  +.........               (no ring)
                                A - ring of positive energy

@: very quick, not resistant to hostile enchantments, very unstealthy
A: hooves 3, deformed body, speed 2, tough skin 3
a: Potion Petition, Call Merchant, Bribe Branch, Renounce Religion


You were on level 6 of the Dungeon.
You worshipped Gozag.
Gozag was noncommittal.
You were not hungry.

You visited 2 branches of the dungeon, and saw 7 of its levels.

You collected 491 gold pieces.
You spent 220 gold pieces at shops.
You paid 46 gold pieces to Gozag.

Inventory:

Hand Weapons
 a - a +3 short sword of protection (weapon)
Missiles
 g - 38 bolts
 m - 3 tomahawks (quivered)
 n - 67 arrows
 v - 29 sling bullets
 w - 11 bolts of penetration
Armour
 f - a +0 robe (worn)
 j - a +1 hat (worn)
 y - a +0 cloak (worn)
 C - a cursed +0 ring mail
Jewellery
 e - an uncursed ring of teleportation
 A - a ring of positive energy (left hand)
 F - an uncursed ring of wizardry {unknown}
Wands
 t - a wand of fireball (0/15)
 u - a wand of lightning (5/15)
 x - a wand of paralysis (10/24)
Scrolls
 d - a scroll of fog
 o - a scroll of recharging
 r - 2 scrolls of teleportation
 z - a scroll of blinking
 B - a scroll of amnesia
 G - a scroll of acquirement {unknown}
 H - 2 scrolls of immolation
Potions
 i - 2 potions of resistance
 k - 7 potions of curing
 l - a potion of might
 p - a potion of cure mutation {unknown}
 q - a potion of heal wounds
 s - 2 potions of brilliance
 D - a potion of magic
 E - a potion of agility
Books
 b - a book of Air

   Spells                             Type                      Level
   a - Shock                          Conjuration/Air              1
   b - Swiftness                      Charms/Air                   2
   c - Repel Missiles                 Charms/Air                   2
   d - Static Discharge               Conjuration/Air              3
   e - Lightning Bolt                 Conjuration/Air              5
Comestibles
 c - 5 bread rations
 h - 5 meat rations


   Skills:
 - Level 6.0 Fighting
 - Level 1.3 Dodging
 - Level 1.2 Stealth
 * Level 3.9 Spellcasting
 + Level 3.0 Conjurations
 + Level 4.0 Air Magic
 + Level 2.4 Evocations


You had 8 spell levels left.
You knew the following spells:

 Your Spells              Type           Power        Failure   Level  Hunger
a - Shock                 Conj/Air       ##..         4%          1    None
b - Repel Missiles        Chrm/Air       #.....       12%         2    ##.....
c - Static Discharge      Conj/Air       ##......     12%         3    ###....


Dungeon Overview and Level Annotations

Branches:
Dungeon (6/15)             Temple (1/1) D:4

Altars:
Dithmenos
Elyvilon
Fedhas
Gozag
Kikubaaqudgha
Makhleb
Okawaru
Pakellas
Qazlal
Sif Muna
Trog
Vehumet
Xom
The Shining One

Shops:
D:4 ?


Innate Abilities, Weirdness & Mutations

You have hooves in place of feet.
Armour fits poorly on your strangely shaped body.
You cover ground very quickly.
You have extremely tough skin (AC +3).


Message History

You are too injured to fight recklessly!
You are too injured to fight recklessly!
You are too injured to fight recklessly!
You are too injured to fight recklessly!
You are too injured to fight recklessly!
Casting: Static Discharge
Confirm with . or Enter, or press ? or * to list all spells.
The wyvern skeleton is struck by lightning.
The lightning arcs!
You are struck by lightning.
* * * LOW HITPOINT WARNING * * *
The lightning grounds out.
The wyvern skeleton bites you.
* * * LOW HITPOINT WARNING * * *
The wyvern skeleton bites you.
* * * LOW HITPOINT WARNING * * *
Casting: Static Discharge
Confirm with . or Enter, or press ? or * to list all spells.
The wyvern skeleton is struck by lightning.
The lightning grounds out.
The wyvern skeleton bites you!
You die...
Your body crumbles into a pile of gold.

...####.....######.#
##...######...
#...........#.
#.#########... ##.##
#.... ##...## #.#..
###.....# #.###
#.......# #.#
#@#.....# #.#
#Z##...## #.#
#.F.##### #.#
....... #.###
#.#...##.# #....
#.##.## # ##### #
#.# #.# #.#


You could see a giant frog and a wyvern skeleton.

Vanquished Creatures
  The ghost of Chiseanne the Skirmisher, a novice CeAE (D:5)
  A centaur (D:5)
  The ghost of gorblad the Skirmisher, a weakling NaBe of Trog (D:3)
  2 crimson imps
  A jelly (D:5)
  2 hounds (D:4)
  4 orc wizards
  2 iguanas
  2 worker ants
  2 hound skeletons
  2 gnolls (D:2)
  8 adders
  4 river rats (D:2)
  2 shadow imps (D:5)
  An ooze (D:6)
  2 adder skeletons (D:6)
  3 worms (D:2)
  5 giant geckos
  11 orcs
  7 bats
  5 giant cockroaches
  9 goblins
  12 hobgoblins
  10 jackals
  5 kobolds
  5 quokkas
  4 ball pythons
  7 giant newts
  A quokka skeleton (D:4)
  A quokka zombie (D:5)
  3 rats
125 creatures vanquished.

Vanquished Creatures (others)
  A plant (D:2)
1 creature vanquished.

Grand Total: 126 creatures vanquished

Notes
Turn   | Place    | Note
--------------------------------------------------------------
     0 | D:1      | Chiseanne the Centaur Air Elementalist began the quest for the Orb.
     0 | D:1      | Reached XP level 1. HP: 14/14 MP: 3/3
   227 | D:1      | Reached skill level 1 in Fighting
   362 | D:1      | Reached XP level 2. HP: 7/23 MP: 2/4
  1234 | D:1      | Learned a level 2 spell: Repel Missiles
  1310 | D:2      | Reached XP level 3. HP: 10/30 MP: 5/5
  2072 | D:2      | Reached skill level 3 in Fighting
  2841 | D:2      | Reached XP level 4. HP: 24/40 MP: 0/6
  3145 | D:2      | Reached skill level 4 in Fighting
  4354 | D:3      | Reached XP level 5. HP: 34/47 MP: 7/7
  4398 | D:3      | Found a deep blue altar of Sif Muna.
  4621 | D:3      | Noticed gorblad's ghost (weakling NaBe)
  4641 | D:3      | Killed gorblad's ghost
  4641 | D:3      | Reached skill level 5 in Fighting
  4912 | D:3      | Reached XP level 6. HP: 50/57 MP: 8/8
  4957 | D:3      | Identified Sif Muna's Guide on Dark Arts (You found it on level 3 of the Dungeon)
  5032 | D:3      | Reached skill level 6 in Fighting
  5040 | D:3      | Learned a level 3 spell: Static Discharge
  5229 | D:4      | Reached skill level 1 in Conjurations
  5404 | D:4      | Found a staircase to the Ecumenical Temple.
  5482 | Temple   | Entered the Ecumenical Temple
  5486 | Temple   | Became a worshipper of Gozag Ym Sagoz the Greedy
  5805 | D:4      | Found Heasmij's Magic Scroll Shop.
  5985 | D:4      | Bought a scroll of blinking for 97 gold pieces
  5985 | D:4      | Bought a scroll of amnesia for 45 gold pieces
  5985 | D:4      | Bought a scroll of identify for 26 gold pieces
  6139 | D:5      | Entered Level 5 of the Dungeon
  6256 | D:5      | Reached XP level 7. HP: 60/63 MP: 10/10
  6275 | D:5      | Reached skill level 1 in Evocations
  6552 | D:5      | Found a burning altar of Makhleb.
  6693 | D:5      | Found an iron altar of Okawaru.
  6806 | D:5      | Noticed Chiseanne's ghost (novice CeAE)
  6843 | D:5      | Killed Chiseanne's ghost
  6843 | D:5      | Reached XP level 8. HP: 5/70 MP: 11/13
  7324 | D:4      | Bought a scroll of identify for 26 gold pieces
  7324 | D:4      | Bought a scroll of identify for 26 gold pieces
  7686 | D:6      | Slain by a wyvern skeleton

Vault maps used:
D:1:      dpeg_arrival_rhombus, minmay_stone_trees_small, bh_walls_and_bars
D:2:      wad_woods_tower
D:3:      led_sif_book
D:4:      minmay_temple_entry_statues_fountains, serial_shops,
          nicolae_shop_statue_plus, first_bread
D:5:      kennysheep_mini, nicolae_overflow_crystal_walls
Temple:   zaba_magenta_temple_12

Action                   |  1- 3 |  4- 6 |  7- 9 || total
-------------------------+-------+-------+-------++-------
Melee: Dagger            |   213 |   107 |       ||   320
       Unarmed           |    13 |       |       ||    13
       Short sword       |       |   200 |   137 ||   337
 Cast: Shock             |    34 |    22 |     6 ||    62
       Repel Missiles    |     1 |       |       ||     1
       Static Discharge  |       |       |     6 ||     6
Evoke: Wand              |       |     2 |       ||     2
  Use: Scroll            |     8 |     8 |     4 ||    20
       Potion            |       |     2 |     1 ||     3
 Stab: Distracted        |       |     1 |       ||     1
       Sleeping          |       |       |     1 ||     1
  Eat: Chunk             |     5 |     9 |       ||    14
       Beef jerky        |       |     2 |       ||     2
       Bread ration      |       |       |     1 ||     1
